 Dungeon Crawl Stone Soup version 0.32-a0-938-g40ac7a0f4d (webtiles) character file.

Game seed: 9446706017906212500

81 ezpacito the Trooper (level 4, -3/35 HPs)
             Began as a Coglin Chaos Knight on Apr 15, 2024.
             Was a Plaything of Xom.
             Slain by a gnoll
             ... wielding a +0 flail
              (10 damage)
             ... on level 2 of the Dungeon.
             The game lasted 00:01:34 (1083 turns).

ezpacito the Trooper (Coglin Chaos Knight)          Turns: 1083, Time: 00:01:34

Health: -3/35      AC:  5    Str: 15    XL:     4   Next: 40%
Magic:  4/4        EV: 10    Int: 11    God:    Xom [..*...]
Gold:   100        SH:  0    Dex: 13    Spells: 3/3 levels left

rFire   . . .        a - +0 hand axe (chaos) {Appia}
rCold   . . .        d - +0 dagger {Amaro}
rNeg    . . .        b - +2 leather armour
rPois   .            (no helmet)
rElec   .            (no cloak)
rCorr   .            (no gloves)
SInv    .            (no boots)
Will    +....        (amulet unavailable)
Stlth   +            (ring unavailable)
HPRegen 0.25/turn    (ring unavailable)
MPRegen 0.09/turn    (no gizmo)

%: no passive effects
@: enlightened, flying, revved
A: off-hand wielding, slow wielding, warmup strikes, no jewellery
a: Invent Gizmo, Renounce Religion


You were on level 2 of the Dungeon.
You worshipped Xom.
You were a toy of Xom.
You visited 1 branch of the dungeon, and saw 2 of its levels.

You collected 100 gold pieces.

Inventory:

Hand Weapons
 a - a +0 hand axe of chaos (weapon) {Appia}
 d - a +0 dagger (offhand) {Amaro}
Missiles
 f - 5 atropa-tipped darts (quivered)
 p - 4 poisoned darts
Armour
 b - a +2 leather armour (worn)
Scrolls
 c - a scroll of teleportation {unknown}
 e - a scroll of blinking {unknown}
 g - a scroll of immolation {unknown}
 h - a scroll of enchant weapon {unknown}
 i - a scroll of noise {unknown}
 j - a scroll of revelation
 m - a scroll of enchant armour {unknown}
 o - a scroll of poison {unknown}
Potions
 k - a potion of curing {unknown}
 n - a potion of attraction {unknown}
 q - 2 potions of enlightenment


   Skills:
 * Level 3.5 Fighting
 * Level 3.4(3.6) Axes
 * Level 1.2(2.3) Polearms
 + Level 0.0 Throwing
 * Level 2.2 Armour
 * Level 1.3 Dodging
 + Level 0.5 Stealth
 + Level 0.4 Spellcasting


You had 3 spell levels left.
You didn't know any spells.
Your spell library contained the following spells:

 Spells                   Type           Power      Damage    Failure   Level
 Apportation              Tloc           0%         N/A       38%         1
 Jinxbite                 Hex            0%         N/A       54%         2
 Alistair's Intoxication  Alch           0%         N/A       100%        5


Dungeon Overview and Level Annotations

Branches:
Dungeon (2/15)

Altars:

Annotations:
D:2 Robin, Sigmund


Innate Abilities, Weirdness & Mutations

You can wield a second weapon in your off-hand.
It takes a long time for you to wield or remove held weapons.
Your first few attacks do less damage.
You cannot equip rings or amulets.


Message History

Okay, then.
It was a potion of enlightenment.
You feel very buoyant.
You fly up into the air.
Xom smiles on you.
You feel much better.
The gnoll hits you from afar with a +0 halberd.
The goblin barely misses you. Robin hits you with a +0 spear.
You regained 24 hp, and now have 27/35 hp.
You hit Robin with your +0 hand axe of chaos.
You burn Robin.
Robin is severely wounded.
You hit the goblin with your +0 hand axe of chaos.
You burn the goblin.
You kill the goblin!
You closely miss Robin with your +0 dagger.
You hear Xom's avuncular chuckle.
Robin is charmed.
The hobgoblin no longer looks unusually strong.
The gnoll barely misses you.
You swap places.
A goblin comes into view. It is wielding a +0 hand axe.
Things that are here:
a +0 dagger; a goblin corpse You barely miss the gnoll with your +0 dagger.
You closely miss the gnoll with your +0 hand axe of chaos.
The goblin shouts!
You hit the gnoll with your +0 hand axe of chaos.
You burn the gnoll. The gnoll hits you with a +0 halberd!
The gnoll hits you with a +0 flail.
Robin hits the gnoll from afar with a +0 spear.
You take 9 damage, and have 18/35 hp.
MASSIVE DAMAGE!!
You closely miss the gnoll with your +0 hand axe of chaos.
The gnoll is heavily wounded.
You hit the gnoll with your +0 hand axe of chaos.
You freeze the gnoll. You hit the gnoll but do no damage.
The gnoll hits you with a +0 halberd!
* * * LOW HITPOINT WARNING * * *
The gnoll hits you with a +0 flail!
You die...

######## #......#
#......# ### #......#
....#####......#
#............#
###.........##### #
##.).##...†.......
.####.##@g####......#####
...g.hggg## #......#
######b### #......# #.
#.###### .. #.# #.g
..######### ##...# #.#
#......# ####..$.##.#
#......##
#.......#.b####.b....#.


You could see 2 gnolls, a jackal, a hobgoblin, a goblin, a bat and the friendly
Robin (charmed).

Vanquished Creatures
  An iguana (D:1)
  A dart slug (D:1)
  A ribbon worm (D:2)
  7 ball pythons
  2 endoplasms (D:1)
  3 giant cockroaches (D:1)
  14 goblins
  4 hobgoblins
  4 bats (D:1)
  4 frilled lizards
  2 kobolds (D:1)
  4 rats
47 creatures vanquished.

Notes
Turn   | Place    | Note
-------+----------+-------------------------------------------
     0 | D:1      | ezpacito the Coglin Chaos Knight began the quest for the
                  | Orb.
     0 | D:1      | Reached XP level 1. HP: 18/18 MP: 1/1
    19 | D:1      | XOM: silly message
    89 | D:1      | Reached skill level 1 in Dodging
    95 | D:1      | XOM: divination: detect creatures
   100 | D:1      | Reached XP level 2. HP: 24/24 MP: 2/2
   188 | D:1      | Reached XP level 3. HP: 15/29 MP: 3/3
   270 | D:1      | XOM: 2-stop teleportation journey
   464 | D:1      | Reached skill level 1 in Polearms
   649 | D:1      | Found a faded altar of an unknown god.
   686 | D:1      | Reached XP level 4. HP: 35/35 MP: 4/4
   930 | D:2      | Noticed Sigmund
   936 | D:2      | XOM: potion effect (haste)
  1059 | D:2      | Noticed Robin
  1079 | D:2      | XOM: potion effect (heal wounds)
  1080 | D:2      | XOM: enchant monster (good)
  1083 | D:2      | Slain by a gnoll

Illustrated notes

Levels and vault maps discovered:
D:1:      orjb1_lava_funnel, layout_loops_ring, basic_ecumenical_altar
D:2:      layout_rooms, uniq_sigmund, uniq_robin

Skill      XL: |  1  2  3 |
---------------+----------+-----
Dodging        | 1 |  1.3
Armour         | 2 |  2.2
Polearms       | 1 |  1.2
Fighting       | |  3.5
Axes           | |  3.4
Stealth        | |  0.5
Spellcasting   | |  0.4

Action                     |  1- 3 |  4- 6 || total
---------------------------+-------+-------++-------
  Melee: Dagger            |    49 |    40 ||    89
         Hand axe          |    52 |    39 ||    91
    Use: Scroll            |       |     2 ||     2
         Potion            |       |     1 ||     1
   Stab: Confused          |     1 |       ||     1
         Sleeping          |       |     1 ||     1
 Armour: Leather armour    |    36 |    47 ||    83
  Dodge: Dodged            |    23 |    32 ||    55

Table legend: (Time is in decaauts)
 A = Elapsed time spent in this place.
 B = Non-inter-level travel time spent in this place.
 C = Inter-level travel time spent in this place.
 D = Time resting spent in this place.
 E = Time spent auto-exploring this place.
 F = Levels seen in this place.
 G = Mean time per level.
                   A        B        C        D        E       F      G
               +--------+--------+--------+--------+--------+-----+--------+
         Total |   1068 |    963 |    105 |     61 |    620 |   2 |  534.0 |
       Dungeon |   1068 |    963 |    105 |     61 |    620 |   2 |  534.0 |
               +--------+--------+--------+--------+--------+-----+--------+

Top non-repeatable levels by time:
     D:1: 786 daAuts
     D:2: 281 daAuts
